 Dungeon Crawl Stone Soup version 0.29.0-4-gdea44cf6ec (webtiles) character file.

Game seed: 6763907253214643264

1815 qw the Cleaver (level 9, -9/54 HPs)
             Began as a Tengu Warper on Aug 28, 2022.
             Was an Initiate of Okawaru.
             Killed from afar by a centaur (19 damage)
             ... with a bolt of acid
             ... on level 7 of the Dungeon.
             The game lasted 00:00:39 (7697 turns).

qw the Cleaver (Tengu Warper)                       Turns: 7697, Time: 00:00:39

Health: -9/54      AC:  8    Str: 15    XL:     9   Next: 10%
Magic:  13/13      EV:  6    Int: 13    God:    Okawaru [......]
Gold:   236        SH:  0    Dex: 15    Spells: 12/12 levels left

rFire   + . .      SeeInvis .   j - +7 war axe "Goblinbane" {spect, rElec}
rCold   . . .      Faith    .   (no shield)
rNeg    . . .      Spirit   .   q - +0 plate armour
rPois   .          Reflect  .   (helmet restricted)
rElec   +          Harm     .   (no cloak)
rCorr   .          Rampage  .   (no gloves)
Will    .....                   (boots unavailable)
Stlth   ..........              (no amulet)
HPRegen 0.18/turn               f - ring of protection from fire
MPRegen 0.13/turn               (no ring)

@: about to teleport, corroded, flying quickly and evasively, quick
A: beak, talons 3, nimble flight
a: Renounce Religion


You were on level 7 of the Dungeon.
You worshipped Okawaru.
Okawaru was noncommittal.
You visited 2 branches of the dungeon, and saw 8 of its levels.

You collected 236 gold pieces.


Innate Abilities, Weirdness & Mutations

You have a beak for a mouth.
You have claws for feet.
Your magical nature lets you fly swiftly and evasively.


   Skills:
 - Level 5.0 Fighting
 + Level 10.1 Axes
 - Level 2.1 Throwing
 - Level 4.9 Armour
 - Level 3.0 Dodging
 - Level 2.0 Spellcasting
 - Level 2.4 Translocations


You had 12 spell levels left.
You didn't know any spells.
Your spell library contained the following spells:

 Spells                   Type           Power      Damage    Failure   Level
 Blink                    Tloc           14%        N/A       100%        2
 Gell's Gravitas          Tloc           7%         N/A       100%        3
 Lesser Beckoning         Tloc           7%         N/A       100%        3
 Teleport Other           Tloc           7%         N/A       100%        3
 Manifold Assault         Tloc           7%         N/A       100%        5

Inventory:

Hand Weapons
 j - the +7 war axe "Goblinbane" (weapon) {spect, rElec}
   (You found it on level 4 of the Dungeon)

   When its wielder attacks, the weapon's spirit leaps out and strikes again.
   The spirit shares a part of any damage it takes with its wielder.
   rElec:     It insulates you from electricity.
 n - a +0 eveningstar
Missiles
 g - 8 boomerangs
 i - a silver boomerang (quivered)
Armour
 q - a +0 plate armour (worn)
Jewellery
 f - a ring of protection from fire (left hand)
Scrolls
 d - a scroll of immolation {unknown}
 e - 4 scrolls of enchant weapon
 l - a scroll of identify
Potions
 a - 5 potions of curing
 b - a potion of might
 h - 4 potions of haste
 k - a potion of attraction {unknown}
 o - a potion of degeneration {unknown}

Dungeon Overview and Level Annotations

Branches:
Dungeon (7/15)             Temple (1/1) D:7

Altars:
Cheibriados
Dithmenos
Fedhas
Gozag
Hepliaklqana
Kikubaaqudgha
Makhleb
Nemelex Xobeh
Okawaru
Qazlal
Ru
Sif Muna
Trog
Uskayaw
Vehumet
Yredelemnul

Annotations:
D:4 1 runed translucent door, Crazy Yiuf


Message History

The centaur wields a +0 shortbow.
The centaur shoots an arrow.
The arrow hits you.
The centaur shoots an arrow.
The arrow hits you!
The centaur unwields a +0 shortbow.
The centaur hits you but does no damage.
The centaur closely misses you.
You hit the centaur. You claw the centaur.
You peck the centaur, but do no damage.
You punch the centaur, but do no damage.
The centaur is heavily wounded.
Your +7 war axe "Goblinbane" {spect, rElec} hits the centaur!!
You kill the centaur!
Okawaru accepts your kill.
The centaur wields a +0 shortbow.
The centaur shoots an arrow.
The arrow hits you.
Your Fighting skill increases to level 5!
The centaur shoots an arrow.
The arrow hits you!
7693 ||| READING scroll of teleportation.
As you read the scroll of teleportation, it crumbles to dust.
You feel strangely unstable.
The centaur shoots an arrow.
The arrow hits you but does no damage.
The centaur shoots an arrow.
The arrow hits you but does no damage.
7694 ||| DRINKING potion of heal wounds.
You feel much better.
The centaur shoots an arrow.
The arrow hits you but does no damage.
The centaur zaps a wand.
The bolt of acid hits you!! The acid corrodes you!
Things that are here:
a +0 shortbow; a centaur corpse You hit the centaur.
The centaur is lightly wounded.
Your +7 war axe "Goblinbane" {spect, rElec} completely misses the centaur.
The centaur unwields a +0 shortbow.
The centaur hits you but does no damage.
The centaur kicks you but does no damage.
The centaur zaps a wand.
The bolt of acid hits you!
You barely miss the centaur. Your kick misses the centaur.
The centaur is lightly wounded.
Your +7 war axe "Goblinbane" {spect, rElec} hits the centaur!
A centaur comes into view.
The centaur zaps a wand.
The bolt of acid hits you!!
You die...

#.~~~~~~~~..~ #.~~~~~~....
#.~~~~~.c.. c.~~~~~
#.~~~~~...# ..~~~~~
#.~~~~.... ..~~~~~ ..#~~~.c.
..~~~~~ ...~~~..# .~~~~~~
...~~~~c## .~~~~~~
..##~~~(@####)~~~~~~
#.~~~~~~).~~~~~.#
.....~~~~~~~~~~~#...
...>.......~~~~~~####.#
.......#####.######..#
###### #..###'#####........#
##>..###..##..##.###..¤¤¤..#
..................#...¤¤¤..#
..................#/..¤¤...#


You could see 2 centaurs and a friendly +7 war axe "Goblinbane" {spect, rElec}
(summoned).

Vanquished Creatures
  A water moccasin (D:5)
  Edmund (D:4)
  Duvessa (D:4)
  A black bear (D:4)
  6 centaurs
  A bullfrog (D:7)
  2 scorpions
  A necrophage (D:5)
  Dowan (D:4)
  2 quasits (D:7)
  2 jellies
  2 hounds (D:5)
  3 orc priests
  4 iguanas
  An orc wizard (D:5)
  7 gnolls
  6 adders
  2 white imps
  2 ufetubi (D:4)
  A dart slug (D:4)
  14 orcs
  4 ball pythons
  9 bats
  7 endoplasms
  4 giant cockroaches
  4 goblins
  5 hobgoblins
  4 quokkas
  A frilled lizard (D:1)
  7 kobolds
  5 rats
111 creatures vanquished.

Vanquished Creatures (others)
  3 fungi (D:1)
  4 plants (D:1)
7 creatures vanquished.

Grand Total: 118 creatures vanquished

Notes
Turn   | Place    | Note
-------+----------+-------------------------------------------
     0 | D:1      | qw the Tengu Warper began the quest for the Orb.
     0 | D:1      | Reached XP level 1. HP: 12/12 MP: 4/4
     0 | D:1      | 0 ||| qw: Version: 0.1-a-89-g26bdef1
     0 | D:1      | 0 ||| qw: Game counter: 1871
     0 | D:1      | 0 ||| qw: Always use a shield: true
     0 | D:1      | 0 ||| qw: God list: Okawaru
     0 | D:1      | 0 ||| qw: Allow faded altars: false
     0 | D:1      | 0 ||| qw: Do Orc after D:15 true
     0 | D:1      | 0 ||| qw: Do second Lair branch before Depths: true
     0 | D:1      | 0 ||| qw: Lair rune preference: random
     0 | D:1      | 0 ||| qw: Plans: Normal
     0 | D:1      | 0 ||| PLANNING D:1-11
   409 | D:1      | Reached skill level 3 in Axes
   409 | D:1      | Reached XP level 2. HP: 17/17 MP: 6/6
   579 | D:1      | Found a faded altar of an unknown god.
   599 | D:1      | 599 ||| Stepping ~*~*~tactically~*~*~ (stealth).
   609 | D:1      | 609 ||| Stepping ~*~*~tactically~*~*~ (stealth).
   613 | D:1      | 613 ||| Stepping ~*~*~tactically~*~*~ (stealth).
   727 | D:1      | Reached XP level 3. HP: 21/21 MP: 7/7
  1067 | D:1      | 1067 ||| UPGRADING to +0 ring mail.
  1077 | D:1      | 1077 ||| DROPPING +0 leather armour.
  1078 | D:1      | 1078 ||| READING scroll labelled RIHUIM NOFINTE.
  1079 | D:1      | 1079 ||| READING 2 scrolls labelled NIFEURCHUZXA.
  1080 | D:1      | 1080 ||| READING scroll labelled DYEMOIPAUSH.
  1083 | D:1      | 1083 ||| DROPPING scroll of blinking.
  1084 | D:1      | 1084 ||| DROPPING scroll of butterflies.
  1125 | D:2      | Reached skill level 4 in Axes
  1343 | D:2      | 1343 ||| SWAPPING to +0 war axe.
  1344 | D:2      | 1344 ||| DROPPING +0 hand axe.
  1355 | D:2      | Found a radiant altar of Vehumet.
  1700 | D:2      | 1700 ||| UPGRADING to ring of protection from fire.
  1701 | D:2      | 1701 ||| READING scroll labelled WIULUDDUMEO.
  1702 | D:2      | 1702 ||| DRINKING 3 blue potions.
  1731 | D:3      | 1731 ||| Stepping ~*~*~tactically~*~*~ (stealth).
  1810 | D:3      | 1810 ||| DROPPING +0 whip.
  1945 | D:3      | Reached XP level 4. HP: 24/26 MP: 8/8
  2003 | D:3      | Found a blossoming altar of Fedhas.
  2133 | D:3      | Found an opulent altar of Gozag.
  2317 | D:3      | 2317 ||| DROPPING +0 flail of holy wrath.
  2330 | D:3      | Reached skill level 5 in Axes
  2345 | D:3      | 2345 ||| Stepping ~*~*~tactically~*~*~ (stealth).
  2588 | D:3      | 2588 ||| Stepping ~*~*~tactically~*~*~ (stealth).
  3005 | D:3      | 3005 ||| READING scroll labelled WIMAHE KIEHAHA.
  3006 | D:3      | 3006 ||| READING 2 scrolls labelled KOILYDARIC.
  3007 | D:3      | 3007 ||| DROPPING scroll of noise.
  3075 | D:4      | Identified the +7 war axe "Goblinbane" {spect, rElec}
  3077 | D:4      | 3077 ||| SWAPPING to +7 war axe "Goblinbane" {spect,
                  | rElec}.
  3078 | D:4      | 3078 ||| DROPPING +0 war axe.
  3199 | D:4      | Gained mutation: Your magical nature lets you fly swiftly
                  | and evasively. [Tengu growth]
  3199 | D:4      | Reached XP level 5. HP: 30/30 MP: 9/9
  3344 | D:4      | Noticed a black bear
  3355 | D:4      | Killed a black bear
  3356 | D:4      | Reached skill level 6 in Axes
  3356 | D:4      | Reached XP level 6. HP: 11/35 MP: 10/10
  3682 | D:4      | Reached skill level 7 in Axes
  3708 | D:4      | Found a runed translucent door.
  3709 | D:4      | Noticed Crazy Yiuf
  3732 | D:4      | Noticed Edmund
  3736 | D:4      | 3736 ||| Stepping ~*~*~tactically~*~*~ (stealth).
  3738 | D:4      | Killed Edmund
  3739 | D:4      | Reached skill level 3 in Fighting
  3746 | D:4      | 3746 ||| FLEEEEING.
  3747 | D:4      | 3747 ||| FLEEEEING.
  3751 | D:4      | 3751 ||| FLEEEEING.
  3752 | D:4      | 3752 ||| FLEEEEING.
  3753 | D:4      | 3753 ||| FLEEEEING.
  3754 | D:4      | 3754 ||| STAIRDANCE
  3843 | D:3      | 3843 ||| READING scroll labelled EHUMNOVURU.
  3985 | D:3      | 3985 ||| READING scroll labelled XIET FIPUKH.
  3986 | D:3      | 3986 ||| READING 2 scrolls of identify.
  3986 | D:3      | 3986 ||| IDENTIFYING purple potion
  4018 | D:4      | Found a hide-covered altar of Uskayaw.
  4022 | D:4      | Reached XP level 7. HP: 41/41 MP: 11/11
  4099 | D:4      | Noticed Duvessa
  4106 | D:4      | Killed Duvessa
  4107 | D:4      | Noticed Dowan
  4108 | D:4      | 4108 ||| Stepping ~*~*~tactically~*~*~ (stealth).
  4109 | D:4      | 4109 ||| Stepping ~*~*~tactically~*~*~ (stealth).
  4112 | D:4      | 4112 ||| Stepping ~*~*~tactically~*~*~ (hiding).
  4115 | D:4      | Killed Dowan
  4116 | D:4      | Reached skill level 8 in Axes
  4284 | D:4      | 4284 ||| Stepping ~*~*~tactically~*~*~ (hiding).
  4617 | D:4      | 4617 ||| DRINKING 2 lumpy yellow potions.
  4639 | D:4      | 4639 ||| DROPPING potion of lignification.
  4657 | D:5      | Entered Level 5 of the Dungeon
  4664 | D:5      | Reached skill level 3 in Dodging
  5098 | D:5      | Found a hazy altar of Hepliaklqana.
  5152 | D:5      | Reached skill level 9 in Axes
  5152 | D:5      | Reached XP level 8. HP: 42/46 MP: 12/12
  5416 | D:5      | 5416 ||| Stepping ~*~*~tactically~*~*~ (hiding).
  5859 | D:5      | 5859 ||| UPGRADING to +0 chain mail.
  5869 | D:5      | 5869 ||| DROPPING +0 ring mail.
  5870 | D:5      | 5870 ||| READING 5 scrolls labelled ORAJOTSUAFE.
  6149 | D:6      | 6149 ||| Stepping ~*~*~tactically~*~*~ (hiding).
  6150 | D:6      | 6150 ||| Stepping ~*~*~tactically~*~*~ (hiding).
  6879 | D:6      | Reached skill level 3 in Armour
  7012 | D:6      | 7012 ||| READING scroll labelled PIALAP RASKO.
  7013 | D:6      | 7013 ||| READING scroll labelled LAGIG ILAEWOPH.
  7014 | D:6      | 7014 ||| READING 2 scrolls of identify.
  7014 | D:6      | 7014 ||| IDENTIFYING black potion
  7015 | D:6      | 7015 ||| READING 2 scrolls of teleportation.
  7043 | D:7      | 7043 ||| FLEEEEING.
  7044 | D:7      | 7044 ||| FLEEEEING.
  7045 | D:7      | 7045 ||| FLEEEEING.
  7046 | D:7      | 7046 ||| FLEEEEING.
  7047 | D:7      | 7047 ||| FLEEEEING.
  7048 | D:7      | 7048 ||| STAIRDANCE
  7112 | D:7      | 7112 ||| STAIRDANCE
  7201 | D:7      | Reached skill level 10 in Axes
  7201 | D:7      | 7201 ||| FLEEEEING.
  7205 | D:7      | 7205 ||| STAIRDANCE
  7367 | D:7      | 7367 ||| STAIRDANCE
  7496 | D:7      | 7496 ||| Stepping ~*~*~tactically~*~*~ (stealth).
  7552 | D:7      | Found a staircase to the Ecumenical Temple.
  7553 | D:7      | 7553 ||| PLANNING TEMPLE
  7553 | D:7      | 7553 ||| UPGRADING to +0 plate armour.
  7563 | D:7      | 7563 ||| DROPPING +0 chain mail.
  7564 | D:7      | 7564 ||| DROPPING orb of energy.
  7565 | D:7      | 7565 ||| READING 3 scrolls of identify.
  7565 | D:7      | 7565 ||| IDENTIFYING bubbling red potion
  7566 | D:7      | 7566 ||| READING 2 scrolls of identify.
  7566 | D:7      | 7566 ||| IDENTIFYING smoky inky potion
  7567 | D:7      | 7567 ||| DROPPING potion of brilliance.
  7580 | Temple   | Entered the Ecumenical Temple
  7594 | Temple   | Became a worshipper of Warmaster Okawaru
  7606 | Temple   | 7606 ||| PLANNING D:1-11
  7669 | D:7      | 7669 ||| Stepping ~*~*~tactically~*~*~ (hiding).
  7674 | D:7      | Reached XP level 9. HP: 46/52 MP: 13/13
  7677 | D:7      | 7677 ||| Stepping ~*~*~tactically~*~*~ (stealth).
  7686 | D:7      | 7686 ||| Stepping ~*~*~tactically~*~*~ (stealth).
  7687 | D:7      | 7687 ||| Stepping ~*~*~tactically~*~*~ (stealth).
  7688 | D:7      | 7688 ||| Stepping ~*~*~tactically~*~*~ (hiding).
  7692 | D:7      | HP: 8/54 [centaur/arrow (7)]
  7693 | D:7      | 7693 ||| READING scroll of teleportation.
  7694 | D:7      | 7694 ||| DRINKING potion of heal wounds.
  7697 | D:7      | Killed from afar by a centaur

Levels and vault maps discovered:
D:1:      lemuel_arrival_tunnels, layout_loops_ring,
          shapermc_ecumenical_altar_mp_urbaneastern
D:2:      layout_rooms, basic_altar, kennysheep_generic_room_13
D:3:      minmay_spotlight, layout_loops_ring, lemuel_tele_altar,
          grunt_gozag_statues, patterned_corridor
D:4:      layout_loops_corners, nicolae_uskayaw_dance_hall, uniq_duvessa,
          uniq_edmund, uniq_crazy_yiuf_cottage
D:5:      layout_cave_pods, mainiacjoe_overflow_cross_hatched,
          grunt_ministairs_1
D:6:      layout_basic
D:7:      layout_gridville, mainiacjoe_overflow_tiny_flanked, zin_statuary,
          minmay_temple_entry_slanted, serial_demonic, serial_demonic_a,
          serial_demonic_e, serial_demonic_a, serial_demonic_e,
          serial_demonic_c, serial_demonic_e, minivault_26, dk_vineyard_1,
          centaur_isle
Temple:   nicolae_temple_ecumenical_triangle

Skill      XL: |  1  2  3  4  5  6  7  8  9 |
---------------+----------------------------+-----
Axes           | 3 4 5 6 7 9 10 | 10.1
Fighting       | 3 4 5 |  5.0
Dodging        | 3 |  3.0
Armour         | 4 |  4.9
Throwing       | 2 |  2.1
Spellcasting   | |  2.0
Translocations | |  2.4

Action                   |  1- 3 |  4- 6 |  7- 9 || total
-------------------------+-------+-------+-------++-------
Melee: Hand axe          |    35 |       |       ||    35
       Peck              |    10 |     6 |     8 ||    24
       Kick              |     7 |     9 |    11 ||    27
       War axe           |    18 |    54 |    61 ||   133
       Punch             |       |       |     1 ||     1
Throw: Boomerang         |    38 |    36 |    39 ||   113
  Use: Scroll            |     4 |     5 |     8 ||    17
       Potion            |     1 |       |     2 ||     3
Armor: Leather armour    |     3 |       |       ||     3
       Ring mail         |     4 |    17 |     6 ||    27
       Chain mail        |       |       |    20 ||    20
       Plate armour      |       |       |    14 ||    14
Dodge: Dodged            |    32 |    25 |    26 ||    83

Table legend:
 A = Non-vault XP
 B = Vault XP
 C = Vault XP percentage of total XP
 D = Non-vault monster count
 E = Vault monster count
 F = Vault count percentage of total count
                 A         B        C        D         E       F
            +---------+---------+-------+---------+---------+-------
      Total |    1610 |     983 |  37.9 |      97 |      14 |  12.6
            +---------+---------+-------+---------+---------+-------
        D:1 |      36 |       0 |   0.0 |      22 |       0 |   0.0
        D:2 |      26 |       0 |   0.0 |       8 |       0 |   0.0
        D:3 |      52 |      17 |  24.6 |      20 |       3 |  13.0
        D:4 |     349 |     377 |  51.9 |      15 |       3 |  16.7
        D:5 |     688 |      42 |   5.8 |      19 |       1 |   5.0
        D:6 |     202 |       0 |   0.0 |       8 |       0 |   0.0
        D:7 |     257 |     547 |  68.0 |       5 |       7 |  58.3
            +---------+---------+-------+---------+---------+-------
